 Dungeon Crawl Stone Soup version 0.32-a0-128-g77eb882913 (webtiles) character file.

Game seed: 15640606376125003177

25694 Essalna the Arsonist (level 12, -4/75 HPs)
             Began as a Deep Elf Fire Elementalist on Feb 8, 2024.
             Was an Elder of Vehumet.
             Slain by Rupert
             ... wielding a +4 battleaxe of electrocution
              (31 damage)
             ... on level 3 of the Lair of Beasts.
             The game lasted 00:33:37 (16497 turns).

Essalna the Arsonist (Deep Elf Fire Elementalist)  Turns: 16497, Time: 00:33:37

Health: -4/75      AC: 14    Str:  5    XL:     12   Next: 91%
Magic:  22/30      EV: 12    Int: 31    God:    Vehumet [****..]
Gold:   484        SH:  0    Dex: 15    Spells: 9/21 levels left

rFire   + . .        y - +11 Singing Sword {sonic wave}
rCold   + . .        (no shield)
rNeg    . . .        G - +0 ring mail of the Blizzard {rF+ rC+ Int+2}
rPois   +            n - +2 helmet {Int+3}
rElec   .            K - +1 cloak {rPois}
rCorr   .            (no gloves)
SInv    +            M - +1 pair of boots {Stlth+}
Will    +....        (no amulet)
Stlth   ++           t - ring of see invisible
HPRegen 0.32/turn    P - ring of magical power
MPRegen 0.22/turn

%: no passive effects
@: no status effects
A: no striking features
a: Renounce Religion


You were on level 3 of the Lair of Beasts.
You worshipped Vehumet.
Vehumet was greatly pleased with you.
You visited 4 branches of the dungeon, and saw 16 of its levels.

You collected 904 gold pieces.
You spent 420 gold pieces at shops.

Inventory:

Hand Weapons
 c - a +0 dagger
 k - a +3 hand axe
 y - the +11 Singing Sword (weapon) {sonic wave}
   (You found it on level 4 of the Dungeon)
 B - a +1 dagger of venom
Missiles
 v - a throwing net
Armour
 a - a +0 robe
 n - a +2 helmet of intelligence (worn)
 z - a +0 troll leather armour
 G - the +0 ring mail of the Blizzard (worn) {rF+ rC+ Int+2}
   (You found it on level 6 of the Dungeon)

   Int+2:     It affects your intelligence (+2).
   rF+:       It protects you from fire.
   rC+:       It protects you from cold.
 K - a +1 cloak of poison resistance (worn)
 M - a +1 pair of boots of stealth (worn)
Magical Staves
 S - a staff of cold
Jewellery
 e - a +6 ring of strength
 o - a +4 ring of protection
 t - a ring of see invisible (left hand)
 O - a +6 ring of dexterity
 P - a ring of magical power (right hand)
Wands
 q - a wand of flame (34)
 r - a wand of roots (22)
 D - a wand of charming (21)
Scrolls
 h - a scroll of torment
 i - 3 scrolls of noise
 j - 2 scrolls of poison
 m - 3 scrolls of fear
 p - 2 scrolls of fog
 u - 3 scrolls of immolation
 w - 4 scrolls of revelation
 x - 2 scrolls of enchant armour
 C - a scroll of vulnerability
 I - 5 scrolls of identify
 J - 2 scrolls of silence
 N - a scroll of blinking {unknown}
Potions
 b - a potion of magic
 d - 3 potions of invisibility
 f - 3 potions of attraction {unknown}
 g - 2 potions of haste {unknown}
 l - 5 potions of curing
 s - 2 potions of mutation {unknown}
 A - a potion of heal wounds {unknown}
 E - 4 potions of brilliance {unknown}
 F - 2 potions of degeneration {unknown}
 H - a potion of might {unknown}
 L - 2 potions of enlightenment {unknown}
 Q - 8 potions of ambrosia
 R - 2 potions of lignification {unknown}


   Skills:
 + Level 8.4 Fighting
 + Level 6.1 Armour
 + Level 9.1 Dodging
 - Level 2.4 Stealth
 - Level 5.0 Spellcasting
 + Level 10.7 Conjurations
 + Level 11.2 Fire Magic
 - Level 7.0 Ice Magic
 - Level 7.0 Air Magic


You had 9 spell levels left.
You knew the following spells:

 Your Spells              Type           Power      Damage    Failure   Level
a - Foxfire               Conj/Fire      100%       2x1d9     1%          1
b - Scorch                Fire           100%       2d9       1%          2
c - Flame Wave            Conj/Fire      66%        2d15      1%          4
d - Freezing Cloud        Conj/Ice/Air   28%        6-21      5%          5

Your spell library contained the following spells:

 Spells                   Type           Power      Damage    Failure   Level
 Dazzling Flash           Conj/Hex       82%        N/A       1%          3
 Inner Flame              Hex/Fire       42%        N/A       1%          3
 Mephitic Cloud           Conj/Alch/Air  44%        N/A       1%          3
 Volatile Blastmotes      Fire/Tloc      84%        2d17      1%          3
 Mercury Vapours          Alch/Air       58%        N/A       2%          2
 Fulminant Prism          Conj/Alch      20%        3d12      7%          4
 Iskenderun's Mystic Bla  Conj/Tloc      41%        2d9       7%          4
 Olgreb's Toxic Radiance  Alch           7%         N/A       45%         4
 Anguish                  Hex/Necr       3%         N/A       91%         4
 Cause Fear               Hex            3%         N/A       91%         4
 Ozocubu's Refrigeration  Ice            25%        4d13      91%         7
 Enfeeble                 Hex            3%         N/A       100%        7
 Discord                  Hex            3%         N/A       100%        8


Dungeon Overview and Level Annotations

Branches:
Dungeon (11/15)            Temple (1/1) D:7            Lair (3/5) D:11
  Swamp (0/4) Lair:2          Orc (1/2) D:10
  Snake: Lair:2-3    Spider: Lair:2-3

Altars:
Ashenzari
Cheibriados
Dithmenos
Elyvilon
Fedhas
Gozag
Hepliaklqana
Kikubaaqudgha
Makhleb
Nemelex Xobeh
Okawaru
Qazlal
Ru
Sif Muna
Trog
Uskayaw
Vehumet
Wu Jian
Xom
Yredelemnul
Zin
The Shining One

Shops:
D:6 *   D:8 [[*[   D:9 =   D:11 !

Annotations:
D:10 exclusion: orange crystal statue
Lair:3 Rupert


Message History

Rupert is engulfed in freezing vapours.
Rupert is engulfed in freezing vapours.
Rupert yells loudly at you.
You shrug off the repeated paralysis!
You're too confused to cast spells.
Rupert is engulfed in freezing vapours.
Sweat drips down Rupert's chest.
Rupert yells loudly at you.
You are more confused.
Rupert is engulfed in freezing vapours.
You're too confused to cast spells.
Okay, then.
Unknown command.
Rupert roars wildly at you.
You are more confused.
Rupert says, "I crush you like a bug!"
Rupert hits you with a +4 battleaxe of electrocution.
Rupert barely misses you. Rupert yells loudly at you.
You struggle to resist.
Rupert yells loudly at you.
You are more confused.
Rupert roars madly and goes into a rage!
Rupert goes berserk!
You're too confused to cast spells.
Unknown command.
Unknown command.
You feel better.
Casting: Freezing Cloud (dangerous; 5% risk of failure)
Confirm with . or Enter, or press ? or * to list all spells.
Aiming: Freezing Cloud (dangerous; 5% risk of failure)
Press: ? - help, Dir - move target, f - Rupert
Aim: Rupert, wielding a +4 battleaxe of electrocution and wearing a +0 leather armour (almost dead, berserk)
You are engulfed in freezing vapours.
You resist.
Rupert is engulfed in freezing vapours.
Rupert hits you with a +4 battleaxe of electrocution!!
You are electrocuted!
Rupert is engulfed in freezing vapours.
Rupert hits you with a +4 battleaxe of electrocution!!
You die...
Rupert roars with triumph.

#.............
#####....##...
##..## #...
#####..####..#
##..#....#.#..#
#......^......~
#......○.......
##....○§§...##.
#......§@§..#
#......§@§..#
##.....§§§§.#
##..........###
#.............#.
##..............~≈
#..<...........~.
####.#####..##.~≈
### ..# ~~


You could see Rupert (berserk).

Vanquished Creatures
  An eleionoma (Lair:2)
  3 two-headed ogres
  A boulder beetle (D:11)
  Sonja (Lair:1)
  A skyshark (Lair:2)
  An ugly thing (D:11)
  A black mamba (Lair:2)
  A gargoyle (D:11)
  Maggie (D:7)
  Jeremiah (Lair:1)
  8 cane toads
  2 kobold demonologists (D:9)
  4 rime drakes
  5 komodo dragons
  4 trolls
  A queen bee (D:11)
  Grinder (D:5)
  A shadow (D:11)
  A slime creature (D:9)
  28 yaks
  2 wyverns (D:9)
  5 steam dragons
  A basilisk (Lair:1)
  Eustachio (D:5)
  2 vampire mosquitoes (D:9)
  2 acid dragons
  7 water moccasins
  5 sky beasts
  An ice beast (D:6)
  A black bear (D:5)
  5 orc warriors
  An ogre (D:7)
  7 centaurs
  5 wolves (Lair:1)
  3 phantoms
  2 kobold brigands (D:9)
  9 bullfrogs
  6 scorpions
  3 wights (D:8)
  44 killer bees
  An electric eel (D:9)
  A vampire bat (D:6)
  4 howler monkeys (D:9)
  3 bombardier beetles (D:6)
  A hound (D:5)
  A jelly (D:7)
  3 orc priests
  2 sleepcaps (D:5)
  Ijyb (D:3)
  6 hell rats (Lair:2)
  17 orc wizards
  9 adders
  10 gnolls
  A shadow imp (D:6)
  A howler monkey simulacrum (D:9)
  A dart slug (D:1)
  3 ribbon worms
  33 orcs
  18 bats
  2 bat skeletons (D:6)
  3 bat zombies (D:6)
  9 endoplasms
  7 giant cockroaches
  6 goblins
  4 hobgoblins
  16 jackals
  11 kobolds
  3 quokkas
  5 ball pythons
  7 frilled lizards
  6 rats
  2 butterflies (Lair:2)
376 creatures vanquished.

Vanquished Creatures (collateral kills)
  A foxfire (Lair:1)
1 creature vanquished.

Vanquished Creatures (others)
  1064 foxfires
1064 creatures vanquished.

Grand Total: 1441 creatures vanquished

Notes
Turn   | Place    | Note
-------+----------+-------------------------------------------
     0 | D:1      | Essalna the Deep Elf Fire Elementalist began the quest for
                  | the Orb.
     0 | D:1      | Reached XP level 1. HP: 10/10 MP: 6/6
    77 | D:1      | You fall into a shaft and drop 1 floor!
   135 | D:2      | Reached XP level 2. HP: 11/16 MP: 1/8
   699 | D:1      | Reached XP level 3. HP: 20/20 MP: 5/10
   998 | D:1      | Reached skill level 1 in Fighting
  1346 | D:1      | Learned a level 2 spell: Scorch
  1547 | D:1      | Found a faded altar of an unknown god.
  1841 | D:2      | Reached skill level 4 in Fire Magic
  1841 | D:2      | Reached XP level 4. HP: 25/25 MP: 3/11
  3191 | D:3      | Noticed Ijyb
  3198 | D:3      | Killed Ijyb
  3199 | D:3      | Reached XP level 5. HP: 16/30 MP: 0/13
  4554 | D:3      | Reached XP level 6. HP: 21/35 MP: 10/15
  4698 | D:4      | Reached skill level 5 in Spellcasting
  4875 | D:4      | Reached skill level 5 in Fire Magic
  4997 | D:4      | Reached XP level 7. HP: 40/40 MP: 11/16
  5205 | D:4      | Found the +11 Singing Sword {sonic wave}
  5660 | D:5      | Entered Level 5 of the Dungeon
  5927 | D:5      | Learned a level 4 spell: Flame Wave
  6185 | D:5      | Reached skill level 6 in Fire Magic
  6271 | D:5      | Reached skill level 5 in Conjurations
  6442 | D:5      | Reached XP level 8. HP: 46/48 MP: 12/17
  6493 | D:5      | Noticed Grinder
  6501 | D:5      | Killed Grinder
  6595 | D:5      | Reached skill level 7 in Fire Magic
  6773 | D:5      | Noticed Eustachio
  6780 | D:5      | Killed Eustachio
  6884 | D:5      | Found a hide-covered altar of Uskayaw.
  7122 | D:6      | Reached skill level 5 in Fighting
  7186 | D:6      | Found Gapadu Rueri's Overcharged Wands.
  7484 | D:6      | Reached XP level 9. HP: 54/54 MP: 3/18
  7675 | D:6      | Reached skill level 8 in Fire Magic
  7822 | D:6      | Identified the +0 ring mail of the Blizzard {rF+ rC+ Int+2}
  7845 | D:6      | Found an ancient bone altar of Kikubaaqudgha.
  8062 | D:6      | Learned a level 5 spell: Freezing Cloud
  8220 | D:7      | Reached skill level 1 in Ice Magic
  8220 | D:7      | Reached skill level 1 in Air Magic
  8326 | D:7      | Reached skill level 1 in Armour
  8495 | D:7      | Found a broken altar of Ashenzari.
  8567 | D:7      | Found a staircase to the Ecumenical Temple.
  8595 | Temple   | Found a transporter.
  8595 | Temple   | Found a transporter.
  8595 | Temple   | Found a transporter.
  8595 | Temple   | Found a transporter.
  8595 | Temple   | Entered the Ecumenical Temple
  8664 | Temple   | Became a worshipper of Vehumet
  8880 | D:7      | Noticed Maggie
  8887 | D:7      | Killed Maggie
  9288 | D:8      | Found Siseithru's Armour Emporium.
  9300 | D:8      | Bought a +1 cloak of poison resistance for 189 gold pieces
  9382 | D:8      | Found a glowing golden altar of the Shining One.
  9394 | D:8      | Found Kavviguch's Armour Emporium.
  9403 | D:8      | Bought a +1 pair of boots of stealth for 231 gold pieces
  9450 | D:8      | Found Xoomipemn's Armour Shoppe.
  9457 | D:8      | Reached XP level 10. HP: 60/60 MP: 12/19
  9769 | D:8      | Noticed a two-headed ogre
  9778 | D:8      | Killed a two-headed ogre
  9934 | D:8      | Found Dymen's General Store.
  9959 | D:9      | Reached * piety under Vehumet
  9959 | D:9      | Offered knowledge of Shock by Vehumet.
  9961 | D:9      | Reached skill level 9 in Fire Magic
  9966 | D:9      | Reached skill level 5 in Dodging
 10415 | D:9      | HP: 3/61 [slime creature (15)]
 10667 | D:9      | Offered knowledge of Searing Ray by Vehumet.
 10829 | D:9      | Reached ** piety under Vehumet
 10830 | D:9      | Reached XP level 11. HP: 59/66 MP: 3/20
 10974 | D:9      | Found Qypliec's Jewellery Emporium.
 11053 | D:9      | Reached skill level 5 in Air Magic
 11451 | D:9      | Reached skill level 5 in Ice Magic
 11542 | D:10     | Entered Level 10 of the Dungeon
 11727 | D:10     | Found a faded altar of an unknown god.
 11729 | D:10     | Found a hazy altar of Hepliaklqana.
 11729 | D:10     | Found a faded altar of an unknown god.
 11816 | D:10     | Noticed an orange crystal statue
 11912 | D:10     | Found a staircase to the Orcish Mines.
 12287 | Orc:1    | Entered Level 1 of the Orcish Mines
 12302 | Orc:1    | Noticed an orc knight
 12305 | Orc:1    | Noticed an orc knight
 12641 | D:11     | Offered knowledge of Momentum Strike by Vehumet.
 12642 | D:11     | Noticed a two-headed ogre
 12648 | D:11     | Killed a two-headed ogre
 12669 | D:11     | Noticed a red ugly thing
 12700 | D:11     | Found Owiomol's Distillery.
 12717 | D:11     | Reached skill level 10 in Fire Magic
 12753 | D:11     | Killed a red ugly thing
 12951 | D:11     | Reached *** piety under Vehumet
 13016 | D:11     | Offered knowledge of Frozen Ramparts by Vehumet.
 13098 | D:11     | Noticed a two-headed ogre
 13104 | D:11     | Killed a two-headed ogre
 13173 | D:11     | Noticed a boulder beetle
 13202 | D:11     | Killed a boulder beetle
 13398 | D:11     | Found a staircase to the Lair.
 13649 | D:11     | Reached XP level 12. HP: 63/72 MP: 21/21
 13749 | Lair:1   | Entered Level 1 of the Lair of Beasts
 13761 | Lair:1   | Reached skill level 5 in Armour
 14089 | Lair:1   | Noticed Jeremiah
 14103 | Lair:1   | Killed Jeremiah
 14370 | Lair:1   | Reached skill level 10 in Conjurations
 14609 | Lair:1   | Reached **** piety under Vehumet
 14910 | Lair:1   | Noticed Sonja
 14921 | Lair:1   | Killed Sonja
 14921 | Lair:1   | Offered knowledge of Dazzling Flash by Vehumet.
 15460 | Lair:2   | Reached skill level 11 in Fire Magic
 15867 | Lair:2   | Noticed an eleionoma
 15868 | Lair:2   | Found a staircase to the Swamp.
 15873 | Lair:2   | Killed an eleionoma
 16453 | Lair:3   | Noticed Rupert
 16474 | Lair:3   | Paralysed by Rupert for 3 turns
 16497 | Lair:3   | Slain by Rupert

Illustrated notes

Levels and vault maps discovered:
D:1:      tarquinn_simple_flora_water_e, layout_loops_corners,
          shapermc_ecumenical_altar_mp_vishouse
D:2:      layout_loops_ring, minmay_octomino_j4
D:3:      minmay_razor_zed, layout_basic, wander_ebering_terrifying_dragon_lair,
          uniq_ijyb
D:4:      old_forge, layout_basic
D:5:      minmay_inner_zag, layout_basic, nicolae_uskayaw_suspiria,
          uniq_eustachio, uniq_grinder
D:6:      layout_loops_ring, kennysheep_vampire_church,
          nicolae_shop_overcharged_wands
D:7:      cheibrodos_steamvent, layout_rooms, mainiacjoe_overflow_cross_hatched,
          minmay_temple_entry_wispy, uniq_maggie
D:8:      layout_loops_cross, mainiacjoe_overflow_24_doors, serial_shops, shop,
          shop, nicolae_lakefront_shop, nicolae_shop_trees
D:9:      layout_irregular_city, serial_shops, shop, minivault_14,
          nicolae_doodle_vault
D:10:     layout_roguey, nicolae_hepliaklqana_ecumenical_no_more, moated_statue,
          disabler_island
D:11:     layout_roguey [special_room_bee], serial_shops,
          nicolae_shop_getting_attention
Temple:   hellmonk_temple_divided_pantheon
Lair:1:   layout_cave_pods, serial_bayou_shore_a, uniq_jeremiah, uniq_sonja
Lair:2:   layout_chaotic_city, alex1729_swamp_entry_worm_eleionoma,
          grunt_megastairs_1, lemuel_fruit_fields, lemuel_fruit_fields,
          lemuel_fruit_fields
Lair:3:   layout_small_grid, spider_nest_entry_funnel_web, serial_rivers,
          chequers_serial_rivers_marsh, chequers_serial_rivers_marsh,
          chequers_serial_rivers_large_a, chequers_serial_rivers_large_b,
          chequers_serial_rivers_micro_c, lemuel_fruit_tree, uniq_rupert
Orc:1:    layout_diamond_mine, special_room [special_room_orc],
          nicolae_orc_lava_room

Skill      XL: |  1  2  3  4  5  6  7  8  9 10 11 12 |
---------------+-------------------------------------+-----
Conjurations   | 2 3 4 5 7 8 9 10 | 10.7
Fighting       | 1 2 3 5 6 7 8 |  8.4
Fire Magic     | 4 5 6 7 8 9 10 11 | 11.2
Spellcasting   | 4 5 |  5.0
Ice Magic      | 2 4 6 7 |  7.0
Air Magic      | 3 4 6 7 |  7.0
Armour         | 2 3 4 6 |  6.1
Dodging        | 4 6 7 9 |  9.1
Stealth        | |  2.4

Action                     |  1- 3 |  4- 6 |  7- 9 | 10-12 || total
---------------------------+-------+-------+-------+-------++-------
  Melee: Unarmed           |     3 |       |       |       ||     3
         Dagger            |    17 |       |       |       ||    17
         Hand axe          |    13 |    38 |     3 |       ||    54
         Punch             |       |     2 |       |     6 ||     8
         Double sword      |       |       |    32 |    65 ||    97
   Cast: Foxfire           |    94 |   130 |   202 |   247 ||   673
         Scorch            |       |    22 |    51 |    97 ||   170
         Flame Wave        |       |       |     1 |    44 ||    45
         Freezing Cloud    |       |       |       |     3 ||     3
  Evoke: Wand              |       |       |       |     2 ||     2
    Use: Scroll            |       |       |     8 |     6 ||    14
         Potion            |       |       |       |     3 ||     3
   Stab: Sleeping          |       |     3 |     1 |       ||     4
         Distracted        |       |       |       |     1 ||     1
 Armour: Robe              |    37 |    35 |    41 |       ||   113
         Ring mail         |       |       |    21 |   210 ||   231
  Dodge: Dodged            |    41 |    45 |    47 |   160 ||   293

Table legend: (Time is in decaauts)
 A = Elapsed time spent in this place.
 B = Non-inter-level travel time spent in this place.
 C = Inter-level travel time spent in this place.
 D = Time resting spent in this place.
 E = Time spent auto-exploring this place.
 F = Levels seen in this place.
 G = Mean time per level.
                   A        B        C        D        E       F      G
               +--------+--------+--------+--------+--------+-----+--------+
         Total |  16583 |  16099 |    484 |    438 |  13257 |  16 | 1036.4 |
       Dungeon |  13699 |  13296 |    403 |    291 |  10995 |  11 | 1245.4 |
        Temple |     83 |     64 |     19 |      0 |     54 |   1 |   83.0 |
          Lair |   2781 |   2719 |     62 |    147 |   2208 |   3 |  927.0 |
  Orcish Mines |     18 |     18 |      0 |      0 |      0 |   1 |   18.0 |
               +--------+--------+--------+--------+--------+-----+--------+

Top non-repeatable levels by time:
     D:3: 1753 daAuts
  Lair:1: 1619 daAuts
     D:9: 1597 daAuts
     D:5: 1411 daAuts
     D:1: 1353 daAuts
     D:4: 1344 daAuts
     D:2: 1226 daAuts
    D:11: 1115 daAuts
  Lair:2: 1093 daAuts
    D:10: 1086 daAuts
     D:6: 1008 daAuts
     D:7: 986 daAuts
     D:8: 814 daAuts
  Temple: 83 daAuts
  Lair:3: 68 daAuts
